 Dungeon Crawl Stone Soup version 0.31-a0-187-gba352fbbf7 (webtiles) character file.

Game seed: 10163876162089528820

87 qw the Shooter (level 4, 0/25 HPs)
             Began as a Deep Elf Hunter on June 22, 2023.
             Slain by Natasha (8 damage)
             ... on level 3 of the Dungeon.
             The game lasted 00:00:32 (1199 turns).

qw the Shooter (Deep Elf Hunter)                    Turns: 1199, Time: 00:00:33

Health: 0/25       AC:  5    Str: 10    XL:     4   Next: 28%
Magic:  6/6        EV: 11    Int: 14    God:
Gold:   165        SH:  0    Dex: 18    Spells: 3/3 levels left

rFire   . . .        Y - +0 shortbow
rCold   . . .        (shield currently unavailable)
rNeg    . . .        f - +0 ring mail
rPois   .            (no helmet)
rElec   .            (no cloak)
rCorr   .            (no gloves)
SInv    .            (no boots)
Will    .....        (no amulet)
Stlth   +            (no ring)
HPRegen 0.24/turn    (no ring)
MPRegen 0.10/turn

%: no passive effects
@: no status effects
A: no striking features
a: no special abilities


You were on level 3 of the Dungeon.
You visited 1 branch of the dungeon, and saw 3 of its levels.

You collected 165 gold pieces.


   Skills:
 - Level 1.5 Fighting
 + Level 7.7 Ranged Weapons
 - Level 2.4 Dodging
 - Level 1.2 Stealth


You had 3 spell levels left.
You didn't know any spells.
Your spell library was empty.

Inventory:

Hand Weapons
 Y - a +0 shortbow (weapon)
Armour
 f - a +0 ring mail (worn)
Scrolls
 b - a scroll of identify
 g - a scroll of noise {unknown}
 i - 2 scrolls of teleportation
Potions
 a - a potion of haste
 c - a potion of resistance {unknown}
 d - a potion of heal wounds
 e - a potion of mutation {unknown}
 h - a potion of curing {unknown}

Dungeon Overview and Level Annotations

Branches:
Dungeon (3/15)

Altars:

Annotations:
D:3 Natasha


Message History

Natasha is nearby!
Enter note: You shoot an arrow.
The arrow completely misses Natasha.
You hear the rusting of a distant drain.
Natasha mumbles some strange words.
Natasha's front paws start to glow.
You shoot an arrow. The arrow closely misses Natasha.
Natasha hisses.
Natasha drinks a potion.
Natasha seems to speed up.
You shoot an arrow. The arrow closely misses Natasha.
Natasha completely misses you.
You shoot an arrow. The arrow hits Natasha.
Natasha is lightly wounded.
Natasha barely misses you.
Natasha mewls in sadness.
Natasha closely misses you.
You shoot an arrow. The arrow barely misses Natasha.
Natasha misses you. Natasha casts a spell at you.
The magic dart hits you but does no damage.
You shoot an arrow. The arrow barely misses Natasha.
Natasha closely misses you.
Natasha wildly gestures.
You feel disoriented. Natasha claws you.
You shoot an arrow. The arrow hits Natasha!
Natasha is heavily wounded.
Natasha mumbles some strange words.
You feel troubled. Natasha claws you but does no damage.
You shoot an arrow. The arrow hits Natasha.
Natasha is severely wounded.
Natasha casts a spell at you. You resist with some effort. Natasha misses you.
You shoot an arrow. The arrow closely misses Natasha.
Natasha casts a spell at you. The magic dart hits you! Natasha claws you.
You shoot an arrow. The arrow completely misses Natasha.
Natasha closely misses you. Natasha claws you!
You die...

# #.###.#.# # # #
........#####....
#.##.#...........
#.....########
##.#.#.# #
##..###%#
#.##..## #.###
#^...## ##..#
#.##..## ##@#.# #
##..###h##.#
#.#.#.## #
#.##.## ..##.#
...##.. ....#####
##.#.# #.#.#


You could see Natasha (fast).

Vanquished Creatures
  Natasha (D:3)
  An adder (D:3)
  An ufetubus (D:2)
  2 dart slugs (D:2)
  5 ball pythons
  A bat (D:2)
  3 endoplasms
  2 giant cockroaches
  4 goblins
  2 hobgoblins (D:2)
  2 jackals (D:1)
  2 kobolds (D:2)
  5 quokkas
  5 frilled lizards
  6 rats
42 creatures vanquished.

Notes
Turn   | Place    | Note
-------+----------+-------------------------------------------
     0 | D:1      | qw the Deep Elf Hunter began the quest for the Orb.
     0 | D:1      | Reached XP level 1. HP: 12/12 MP: 3/3
     0 | D:1      | 0 ||| qw: Version: 0.3-a-9-g12657ce
     0 | D:1      | 0 ||| qw: Game counter: 2130
     0 | D:1      | 0 ||| qw: Always use a shield: true
     0 | D:1      | 0 ||| qw: God list: Okawaru
     0 | D:1      | 0 ||| qw: Allow faded altars: false
     0 | D:1      | 0 ||| qw: Do Orc after D:15 true
     0 | D:1      | 0 ||| qw: Do second Lair branch before Depths: true
     0 | D:1      | 0 ||| qw: Lair rune preference: random
     0 | D:1      | 0 ||| qw: Plans: Normal
     0 | D:1      | 0 ||| PLANNING D:1-11
   276 | D:1      | Reached XP level 2. HP: 14/16 MP: 4/4
   277 | D:1      | Reached skill level 6 in Ranged Weapons
   493 | D:1      | 493 ||| UPGRADING to +0 ring mail.
   503 | D:1      | 503 ||| DROPPING +0 leather armour.
   504 | D:1      | 504 ||| READING scroll labelled LIYDONO UXASTRY.
   505 | D:1      | 505 ||| READING scroll labelled QAROICS HECOU.
   509 | D:1      | 509 ||| DROPPING scroll of butterflies.
   610 | D:2      | Reached XP level 3. HP: 20/20 MP: 5/5
   926 | D:2      | Reached skill level 7 in Ranged Weapons
  1017 | D:2      | 1017 ||| READING scroll labelled SIKLIKHLIACIDGH.
  1018 | D:2      | 1018 ||| READING scroll labelled TEAGIA BOTU.
  1019 | D:2      | 1019 ||| READING scroll labelled HIOCKO ZOKHEOC.
  1020 | D:2      | 1020 ||| DRINKING 2 gluggy blue potions.
  1049 | D:3      | 1049 ||| PLANNING SEWER
  1069 | D:3      | Noticed Natasha
  1076 | D:3      | Killed Natasha
  1077 | D:3      | Reached XP level 4. HP: 21/25 MP: 6/6
  1183 | D:3      | Noticed Natasha
  1199 | D:3      | Slain by Natasha

Levels and vault maps discovered:
D:1:      minmay_arrival_jagged, layout_basic
D:2:      layout_basic
D:3:      layout_loops_ring, gup_sewer_entry_spiral, nrook_mini_vaults,
          uniq_grinder, uniq_natasha

Skill      XL: |  1  2  3 |
---------------+----------+-----
Ranged Weapons | 6 7 |  7.7
Fighting       | |  1.5
Dodging        | |  2.4
Stealth        | |  1.2

Action                     |  1- 3 |  4- 6 || total
---------------------------+-------+-------++-------
   Fire: Shortbow          |   113 |    19 ||   132
    Use: Scroll            |     5 |       ||     5
         Potion            |     1 |       ||     1
 Armour: Leather armour    |     5 |       ||     5
         Ring mail         |    13 |     2 ||    15
  Dodge: Dodged            |    46 |     7 ||    53

Table legend:
 A = Non-vault XP
 B = Vault XP
 C = Vault XP percentage of total XP
 D = Non-vault monster count
 E = Vault monster count
 F = Vault count percentage of total count
                 A         B        C        D         E       F
            +---------+---------+-------+---------+---------+-------
      Total |      89 |      36 |  28.8 |      41 |       1 |   2.4
            +---------+---------+-------+---------+---------+-------
        D:1 |      28 |       0 |   0.0 |      19 |       0 |   0.0
        D:2 |      37 |       0 |   0.0 |      15 |       0 |   0.0
        D:3 |      24 |      36 |  60.0 |       7 |       1 |  12.5
            +---------+---------+-------+---------+---------+-------
